AoeStats
← BOSS MAN

Arabia

507788533Analyzed
3v3 RM · 11d ago on Sep 19, 2026· 50m 47s· 6 players
Game mode
Random Map
Map size
Normal (6 player)
Population
200
Speed
Normal
Resources
Standard
Victory
Conquest
Starting age
Dark Age
Ending age
Imperial Age
RankedLock teamsTeams togetherTeam positionsShared explorationLock speedFull tech treeHidden civsTurbo modeCheats
Victory
Defeat
🇮🇳 Sicilians · India
887
+21
🇮🇳 Burgundians · India
854
+17
🇮🇳 Cumans · India
810
+18
🇺🇸 Japanese · United States
896
-18
🇺🇸 Huns · United States
881
-17
🇫🇷 Teutons · France
849
-16
vincent.barre29
0:32 Loom
10:15 Feudal Age
10:58 Double-Bit Axe
10:56 Horse Collar
22:38 Castle Age
21:56 Gold Mining
21:59 Stone Mining
24:04 Heavy Plow
24:17 Bow Saw
26:49 Pikeman
27:29 Squires
27:43 Forging
27:34 Scale Mail Armor
27:40 Scale Barding Armor
27:26 Fletching
28:07 Bloodlines
31:36 Iron Casting
31:16 Chain Mail Armor
33:52 Wheelbarrow
33:03 Town Watch
38:28 Caravan
41:38 Imperial Age
45:15 Imperial Age
45:22 Bodkin Arrow
47:29 Elite Teutonic Knight
48:35 Ballistics
Deus Vult
5:13 Loom
11:20 Feudal Age
12:45 Wheelbarrow
12:07 Double-Bit Axe
14:29 Wheelbarrow
13:38 Horse Collar
18:32 Forging
23:31 Scale Mail Armor
28:59 Castle Age
26:55 Arson
27:18 Stone Mining
27:21 Gold Mining
33:15 Pikeman
oxrollin
1:02 Loom
11:09 Feudal Age
12:31 Double-Bit Axe
15:09 Wheelbarrow
17:54 Horse Collar
21:35 Castle Age
24:28 Castle Age
26:36 Heavy Plow
27:40 Bow Saw
BOSS MAN
9:27 Feudal Age
9:46 Double-Bit Axe
11:58 Horse Collar
12:59 Bow Saw
13:15 Heavy Plow
14:52 Loom
17:46 Scale Barding Armor
21:01 Castle Age
21:27 Gold Mining
22:43 Two-Man Saw
22:14 Crop Rotation
22:23 Wheelbarrow
21:14 Cavalier
21:55 Husbandry
22:07 Forging
24:56 Hand Cart
25:52 Gold Shaft Mining
27:26 Iron Casting
27:47 Chain Barding Armor
31:19 Fletching
32:47 Murder Holes
35:02 Bodkin Arrow
38:29 Imperial Age
36:24 Ballistics
37:13 Burgundian Vineyards
37:00 Treadmill Crane
38:37 Paladin
41:40 Plate Barding Armor
42:49 Blast Furnace
41:50 Bracer
42:50 Conscription
46:41 Chemistry
Nosferatu Zodd
10:50 Feudal Age
11:58 Double-Bit Axe
11:56 Horse Collar
14:55 Fletching
20:56 Scale Mail Armor
35:30 Castle Age
34:16 Gold Mining
35:22 Stone Mining
36:02 Forging
38:59 Chain Mail Armor
39:20 Iron Casting
40:46 Pikeman
41:27 Squires
46:14 Wheelbarrow
46:19 Bodkin Arrow
48:17 Heavy Plow
51:41 Hand Cart
Desmond
7:20 Loom
10:16 Feudal Age
11:33 Horse Collar
11:42 Double-Bit Axe
28:11 Castle Age
28:15 Capped Ram
29:22 Gold Mining
29:47 Bow Saw
29:40 Heavy Plow
33:43 Wheelbarrow
32:57 Town Watch
35:15 Bloodlines
35:15 Scale Barding Armor
35:22 Forging
42:34 Light Cavalry
43:49 Chain Barding Armor
44:06 Iron Casting
44:14 Hand Cart
52:37 Imperial Age
Connection lost

Rejoining the realm…

Still unreachable

The connection could not be restored.

Session expired

The server has moved on; the page needs a fresh start.